AoeStats
← 牛油果

MegaRandom

507932762Analyzed
4v4 RM · 13d ago on Sep 20, 2026· 30m 20s· 8 players
Game mode
Random Map
Map size
Large (8 player)
Population
200
Speed
Normal
Resources
Standard
Victory
Conquest
Starting age
Dark Age
Ending age
Imperial Age
RankedLock teamsTeams togetherTeam positionsShared explorationLock speedFull tech treeHidden civsTurbo modeCheats
Victory
Defeat
🇫🇮 Hindustanis · Finland
1602
+12
🇫🇮 Georgians · Finland
1594
+12
🇫🇮 Sicilians · Finland
1565
+14
🇫🇮 Byzantines · Finland
1494
+16
🇭🇰 Vikings · Hong Kong SAR China
1643
-18
🇭🇰 Burmese · Hong Kong SAR China
1527
-14
🇭🇰 Turks · Hong Kong SAR China
1485
-13
🇷🇺 Burgundians · Russia
1391
-9
[Marty]TheEY
10:37 Feudal Age
9:42 Loom
15:30 Castle Age
14:09 Fishing Lines
14:57 Gold Mining
16:32 Medium Warships
18:21 Careening
19:47 Clinker Construction
22:38 Demolition Ship
27:55 Horse Collar
牛油果
10:18 Loom
12:40 Feudal Age
16:18 Castle Age
17:38 Fletching
18:57 Bodkin Arrow
23:22 Town Watch
24:08 Double-Bit Axe
27:37 Bow Saw
29:03 Careening
evi
2:31 Loom
12:11 Feudal Age
16:06 Castle Age
14:02 Fishing Lines
14:40 Double-Bit Axe
16:28 Forging
18:57 Wheelbarrow
20:38 Medium Warships
22:52 Bow Saw
24:57 Hand Cart
28:55 Careening
29:45 Horse Collar
29:56 Gold Mining
YuriiVegas
4:20 Double-Bit Axe
9:11 Loom
11:33 Feudal Age
10:35 Horse Collar
18:49 Castle Age
17:40 Forging
19:14 Bow Saw
19:46 Medium Warships
23:39 Gold Mining
23:50 Heavy Plow
27:14 Crop Rotation
27:54 Stone Mining
29:30 Wheelbarrow
29:44 Gold Shaft Mining
31:25 Two-Man Saw
Ee-meili
7:34 Loom
10:13 Feudal Age
12:21 Horse Collar
12:27 Double-Bit Axe
17:19 Castle Age
18:38 Bow Saw
21:15 Wheelbarrow
21:33 Medium Warships
23:01 Hand Cart
22:31 Town Watch
23:24 Heavy Plow
29:54 Imperial Age
27:36 Forging
28:27 Gold Mining
28:27 Stone Mining
29:03 Careening
29:30 Iron Casting
29:56 Gold Shaft Mining
29:28 Demolition Ship
31:13 Heavy Warships
31:51 Blast Furnace
Pahvi0
10:06 Feudal Age
10:47 Loom
11:02 Double-Bit Axe
15:24 Fletching
19:44 Castle Age
20:36 Medium Warships
20:50 Bow Saw
22:50 Gold Mining
22:40 Horse Collar
24:16 Wheelbarrow
24:34 Horse Collar
26:27 Hand Cart
27:05 Fishing Lines
27:58 Horse Collar
29:53 Gillnets
gottagou
7:43 Loom
10:49 Feudal Age
11:29 Double-Bit Axe
14:50 Fletching
20:00 Castle Age
19:47 Gold Mining
20:51 Medium Warships
20:38 Bodkin Arrow
22:41 Ballistics
22:42 Clinker Construction
24:53 Careening
Pyrrhos
9:15 Loom
11:02 Feudal Age
15:01 Castle Age
14:01 Fishing Lines
14:53 Double-Bit Axe
16:13 Gillnets
16:12 Light Cavalry
20:54 Medium Warships
20:57 Forging
21:07 Scale Barding Armor
22:31 Horse Collar
25:02 Bow Saw
26:45 Bloodlines
26:36 Gold Mining
28:16 Stone Mining
28:53 Clinker Construction
30:03 Careening
31:06 Wheelbarrow
Connection lost

Rejoining the realm…

Still unreachable

The connection could not be restored.

Session expired

The server has moved on; the page needs a fresh start.